Map: Frozen Temple

Players

Logeeker

  • Race: Terran Terran
  • League: Gold

Nickos - Winner!

  • Race: Terran Terran
  • League: Gold

VOD

Have the link to the VOD?

Description

Time

  • Played on: Sept. 24, 2016, 9:10 p.m.
  • Length: 16:35
Show
View Real Time Build Order
Export as new Build Order

Logeeker Terran 

Build Orders: Bio Tank 

Get SALT Encoding   

  12  0:00  SCV  
  13  0:12  SCV  
  14  0:17  Supply Depot  
  14  0:25  SCV  
  15  0:39  SCV  
  15  0:40  Barracks  
  16  0:46  Refinery  
  16  0:51  SCV  
  17  1:03  SCV  
  18  1:15  SCV  
  19  1:27  SCV  
  19  1:30  Reaper  
  21  1:34  Command Center  
  21  1:42  Refinery  
  21  1:52  Orbital Command  
  21  2:02  Barracks  
  21  2:17  Barracks Reactor  
  21  2:24  Factory  
  21  2:54  Marine  
  21  2:55  Marine  
  21  2:57  Barracks Tech Lab  
  23  3:09  Supply Depot  
  23  3:11  Supply Depot  
  23  3:12  Factory Reactor, Marine x2  
  24  3:13  Starport  
  24  3:16  Marine  
  26  3:22  SCV x2  
  28  3:30  Marine x2  
  30  3:39  Marine  
  31  3:48  Marine x2  
  31  3:53  Orbital Command  
  32  4:02  Stimpack  
  32  4:03  SCV  
  33  4:12  Marine  
  33  4:13  Marine x2  
  33  4:15  SCV  
  37  4:20  Medivac  
  37  4:21  Factory Tech Lab  
  39  4:25  Medivac  
  39  4:27  SCV  
  39  4:30  Marine x2  
  44  4:34  SCV  
  45  4:39  SCV  
  45  4:42  Marine  
  47  4:46  SCV  
  47  4:48  Marine x2  
  50  4:54  Medivac  
  52  5:00  Marine  
  52  5:03  Supply Depot  
  52  5:05  Supply Depot  
  52  5:06  Marine  
  54  5:20  Barracks  
  54  5:25  Siege Tank, Marine x3  
  54  5:27  SCV  
  61  5:42  Marine x3  
  64  5:59  Siege Tank  
  64  6:00  Marine x3  
  70  6:19  Engineering Bay  
  70  6:21  Engineering Bay  
  70  6:23  Marine  
  70  6:24  Marine  
  70  6:25  Marine  
  69  6:31  Siege Tank  
  60  6:41  Marine  
  60  6:42  Marine x2  
  63  6:48  Marine  
  63  6:52  Medivac  
  64  6:55  SCV  
  64  6:56  SCV  
  64  6:59  Marine x2  
  68  7:02  Refinery, Command Center  
  68  7:07  Marine x2  
  70  7:16  Siege Tank, SCV x2  
  74  7:28  SCV  
  74  7:29  SCV  
  76  7:30  Marine  
  76  7:31  Marine  
  76  7:33  Barracks Reactor  
  78  7:42  Terran Infantry Weapons Level 1  
  78  7:43  Supply Depot  
  78  7:45  Supply Depot  
  78  7:47  Supply Depot  
  78  7:55  Barracks  
  78  8:04  Medivac, Siege Tank, Marine x3  
  86  8:09  Marine x2  
  88  8:15  Armory  
  88  8:16  Supply Depot  
  88  8:22  Marine x3  
  88  8:24  Medivac  
  93  8:27  Marine x2  
  95  8:37  Combat Shields, Siege Tank  
  98  8:43  Marine x3  
  98  8:45  Marine x2  
  103  8:54  Orbital Command  
  103  8:59  SCV x2  
  105  9:05  Refinery  
  105  9:11  SCV x2  
  107  9:23  SCV x2  
  98  9:36  SCV  
  95  9:39  Terran Infantry Weapons Level 2  
  95  9:44  Factory Tech Lab  
  95  9:45  Engineering Bay  
  95  9:48  SCV  
  95  9:49  Marine x2  
  98  9:53  Marine x3  
  97  10:05  SCV x3  
  100  10:07  Marine x2  
  100  10:10  Marine  
  100  10:13  Missile Turret  
  100  10:17  SCV x2  
  100  10:19  Siege Tank  
  102  10:24  SCV  
  103  10:29  SCV  
  103  10:30  SCV  
  103  10:35  Marine x3  
  106  10:36  SCV, Marine x2  
  111  10:51  Siege Tank, Barracks  
  111  10:53  Marine x3  
  117  10:58  Barracks  
  93  11:18  Marine x2  
  93  11:19  Marine x3  
  86  11:36  Marine x2  
  86  11:37  Marine  
  86  11:38  Marine  
  88  11:45  SCV x3  
  91  11:47  Siege Tank  
  91  11:48  Marine  
  95  11:54  Marine x2  
  95  11:55  Marine x2  
  95  11:57  SCV x3  
  102  12:06  Marine  
  102  12:07  Refinery x2  
  103  12:09  SCV x3  
  103  12:12  Marine x2  
  103  12:13  Marine  
  103  12:14  Barracks Reactor  
  109  12:19  Siege Tank, Barracks Reactor  
  109  12:21  SCV  
  113  12:23  Terran Infantry Weapons Level 3  
  113  12:24  Terran Infantry Armor Level 1  
  113  12:26  Terran Vehicle Weapons Level 1  
  113  12:27  Marine  
  97  12:51  Siege Tank  
  94  13:18  SCV x3  
  97  13:23  Marine  
  97  13:24  Marine x3  
  101  13:27  Marine x2  
  101  13:28  Marine x3  
  101  13:30  Medivac x2, SCV x3  
  113  13:38  Marine  
  114  13:41  Marine x3  
  114  13:42  SCV, Marine  
  103  14:00  Medivac  
  74  14:05  Marine x3  
  74  14:07  Siege Tank  
  76  14:11  Medivac  
  78  14:23  SCV x3  
  81  14:37  Marine x3  
  81  14:38  Marine x6  
  87  14:39  Siege Tank, Marine  
  94  14:55  Marine x4  
  52  15:07  Marine  
  52  15:08  Marine  
  52  15:10  Marine x4  
  52  15:11  Siege Tank  
  52  15:13  Marine x4  
  44  15:25  Marine x2  
  44  15:28  Marine x4  
  48  15:30  Marine  
  48  15:35  Marine x2  
  48  15:43  Siege Tank  
  48  15:48  Medivac  
  48  15:49  Medivac  
Show
View Real Time Build Order
Export as new Build Order

Nickos Terran - Winner!

Build Orders:  

Get SALT Encoding   

  12  0:01  SCV  
  13  0:13  SCV  
  14  0:18  Supply Depot  
  14  0:25  SCV  
  15  0:40  Barracks, SCV  
  16  0:52  SCV  
  17  1:04  SCV  
  18  1:16  SCV  
  19  1:23  Command Center  
  19  1:29  Orbital Command  
  19  1:31  Marine  
  20  1:48  Barracks  
  20  1:55  SCV  
  20  1:56  Supply Depot  
  21  2:04  Marine  
  21  2:07  SCV  
  22  2:19  SCV  
  22  2:20  Refinery  
  22  2:21  Marine  
  24  2:23  Barracks  
  24  2:29  Refinery  
  24  2:31  SCV  
  24  2:35  Orbital Command  
  25  2:39  Marine  
  25  2:43  SCV  
  27  2:56  Marine  
  28  3:01  SCV  
  28  3:04  Marine  
  30  3:10  SCV  
  31  3:13  SCV  
  31  3:14  Marine  
  31  3:15  Barracks Tech Lab  
  33  3:22  Marine  
  33  3:25  SCV  
  33  3:26  SCV  
  37  3:37  SCV  
  37  3:38  SCV  
  37  3:40  Supply Depot  
  39  3:42  Barracks Reactor  
  39  3:46  Stimpack  
  38  3:49  Barracks Reactor, SCV  
  38  3:50  SCV  
  38  3:52  Marine  
  41  4:00  Barracks  
  41  4:02  SCV  
  42  4:03  SCV  
  42  4:07  Supply Depot  
  43  4:13  Factory  
  43  4:14  SCV  
  43  4:15  Barracks  
  43  4:17  SCV  
  45  4:24  Marine x3  
  46  4:26  SCV  
  46  4:29  SCV  
  50  4:31  Marine x2  
  50  4:37  Supply Depot  
  50  4:38  SCV  
  53  4:41  SCV  
  53  4:42  Marauder  
  53  4:43  Marine x2  
  58  4:50  SCV  
  59  4:53  SCV  
  59  4:58  Marine  
  59  4:59  Barracks Tech Lab, Supply Depot, Marine  
  62  5:02  SCV  
  62  5:04  Marauder  
  62  5:05  Factory Reactor, SCV  
  66  5:08  Starport  
  66  5:09  Barracks Tech Lab  
  66  5:14  Marine x2  
  68  5:21  Supply Depot  
  68  5:22  Engineering Bay x2, Supply Depot, SCV x2  
  68  5:25  Marauder  
  72  5:31  Marine  
  72  5:32  Marine  
  72  5:34  Marauder  
  76  5:38  Command Center  
  76  5:46  Marine  
  76  5:47  Marine  
  77  5:59  SCV x2  
  79  6:06  Terran Infantry Weapons Level 1  
  79  6:07  Terran Infantry Armor Level 1  
  79  6:09  Command Center  
  80  6:11  SCV  
  80  6:14  Marine x2  
  80  6:15  Refinery, Marine x3  
  80  6:16  Medivac x2  
  80  6:17  Refinery  
  74  6:26  Marine x2  
  74  6:29  SCV  
  74  6:30  SCV  
  74  6:32  Marine x3  
  74  6:33  Marine  
  77  6:41  SCV  
  77  6:45  Marine x2  
  77  6:46  Marine  
  81  6:53  Marine  
  81  6:54  Marine x2  
  83  7:00  Supply Depot  
  84  7:01  Medivac  
  84  7:04  Marauder x2  
  84  7:08  SCV x2  
  92  7:09  Marine x2  
  94  7:18  Supply Depot  
  94  7:24  Armory  
  94  7:26  Supply Depot  
  94  7:28  SCV x2  
  96  7:31  Orbital Command  
  96  7:40  SCV x2, Marine x2  
  96  7:42  Medivac  
  102  7:46  Marine  
  105  7:51  Marauder  
  105  7:56  Supply Depot  
  105  7:58  Marauder  
  107  8:08  SCV x3  
  107  8:10  Sensor Tower  
  107  8:11  Terran Infantry Weapons Level 2  
  110  8:20  SCV x2  
  110  8:25  Marine  
  110  8:26  Marine x4  
  72  8:27  Medivac  
  119  8:39  SCV  
  119  8:40  SCV x2  
  122  8:42  Marauder x2  
  122  8:44  Marauder  
  128  8:52  SCV x3  
  130  9:02  Marine x2  
  130  9:03  Marine  
  130  9:04  Medivac, Marauder x2  
  130  9:05  Medivac, Marine  
  130  9:06  Marauder  
  130  9:07  SCV x3  
  147  9:19  SCV  
  147  9:20  Marine x3  
  147  9:23  Marine  
  152  9:24  Marine  
  152  9:25  Marine  
  152  9:27  Marine  
  155  9:38  Medivac x2, Marine x3  
  127  9:41  Marine  
  127  9:42  Marine x2  
  127  9:43  SCV x3  
  127  9:44  Marine  
  138  9:56  Command Center, Marine x3  
  138  9:59  Marine  
  130  10:02  Marauder x2  
  130  10:03  Marauder  
  134  10:08  Medivac x2  
  134  10:13  Marine  
  134  10:14  Marine x2  
  120  10:23  Terran Infantry Armor Level 2, Liberator, Marauder  
  120  10:24  Liberator, Marauder x2  
  126  10:42  Marine x4  
  136  10:45  Marine, Marauder x2  
  141  10:59  Marine x2  
  141  11:00  Marine  
  141  11:03  Marauder  
  138  11:06  Liberator, Marauder x2  
  124  11:12  Marine  
  124  11:17  Marine x2  
  124  11:18  Marine  
  116  11:23  Orbital Command  
  116  11:25  Marauder  
  119  11:28  Marauder x2  
  119  11:30  Marine  
  122  11:35  Marine x3  
  122  11:36  Medivac  
  127  11:40  Command Center  
  127  11:46  Marauder  
  129  11:48  Marine x2  
  129  11:50  Marauder  
  133  11:56  Barracks  
  133  11:57  Refinery, Barracks  
  133  11:58  Refinery, Marine x2  
  135  12:06  Medivac  
  135  12:07  Marauder  
  135  12:08  Marauder  
  141  12:24  Marine  
  141  12:25  Marine x4  
  140  12:38  Marine  
  140  12:42  Marine x3  
  140  12:43  Marine  
  129  12:49  Marine x2  
  129  12:50  Medivac x2  
  127  12:55  Marine  
  120  12:59  Barracks Reactor  
  120  13:00  Barracks Tech Lab, Marine x3  
  120  13:01  Marine  
  120  13:03  Terran Infantry Weapons Level 3, Terran Infantry Armor Level 3  
  118  13:06  Liberator  
  118  13:07  Marine x2  
  118  13:09  Planetary Fortress  
  120  13:13  Marine  
  120  13:14  SCV x3  
  120  13:15  SCV  
  125  13:20  Liberator, Combat Shields  
  125  13:22  Marauder x2  
  125  13:25  Marauder, Marine x4  
  138  13:32  Marauder  
  140  13:35  Marine  
  140  13:36  Marine  
  145  13:42  Marine  
  145  13:43  Marine x4  
  145  13:45  Starport  
  145  13:47  Starport, Marine x2  
  152  13:48  SCV x2  
  152  13:49  SCV x2  
  152  13:52  Marine  
  145  14:02  Marine x4  
  142  14:03  Marine x3  
  142  14:05  Marine  
  142  14:08  Marauder  
  142  14:09  Medivac  
  151  14:11  Marauder  
  153  14:17  SCV x2  
  153  14:20  Medivac  
  153  14:21  Marauder  
  153  14:22  Marine x4  
  153  14:23  Marauder, Marine  
  166  14:43  Marine x4  
  170  14:59  Liberator x2  
  153  15:07  Marine x2  
  153  15:08  Marine x3  
  153  15:09  Marauder x4  
  153  15:13  Marine  
  157  15:25  Marine x2  
  154  15:30  Marauder x2  
  154  15:31  Marauder x2  
  154  15:32  Marine  
  154  15:34  Marine x3  
  157  15:39  Factory Reactor  
  156  15:43  Marine x2  
  158  15:50  Marine  
  158  15:51  Marine x2  
  158  15:52  Marine x2, Marauder x2  
  170  16:06  Command Center  
  170  16:07  Command Center  
  160  16:13  Marauder x4  
  160  16:16  Marine x2  
  160  16:17  Marine x4  
Tags
 
Composition
Bio Tank
League
GoldGold
Matchup
TvT
Race
Terran
Replay Pack
Nickos replay
Add a new tag
Caveats
  • Supply blocks, unpowered buildings, or Contaminate may cause inaccurate times.
  • Supply counts are checked every 10 seconds.